 Dungeon Crawl Stone Soup version 0.28-a0-1493-g08698888e4 (webtiles) character file.

Game seed: 17769482843539239671

30 Sabo the Magician (level 3, -2/24 HPs)
             Began as a Demonspawn Hedge Wizard on Jan 12, 2022.
             Was a Follower of Wu Jian.
             Slain by an adder (4 damage)
             ... on level 1 of the Dungeon.
             The game lasted 00:10:05 (1674 turns).

Sabo the Magician (Demonspawn Hedge Wizard)         Turns: 1674, Time: 00:10:05

Health: -2/24      AC:  4    Str: 10    XL:     3   Next: 3%
Magic:  1/7        EV: 13    Int: 17    God:    Wu Jian [*.....]
Gold:   33         SH:  0    Dex: 18    Spells: 7/8 levels left

rFire   + . .      SeeInvis .   a - +0 hand axe
rCold   + . .      Faith    .   (no shield)
rNeg    . . .      Spirit   .   b - +0 robe
rPois   .          Reflect  .   c - +0 hat
rElec   .          Harm     .   f - scarf {rC+ rF+}
rCorr   .          Rampage  .   (no gloves)
Will    .....                   (no boots)
Stlth   ++........              (no amulet)
HPRegen 0.08/turn               e - +6 ring of dexterity
MPRegen 0.20/turn               (no ring)

@: no status effects
A: slimy green scales 1, magic regeneration
a: Renounce Religion


You were on level 1 of the Dungeon.
You worshipped Wu Jian.
Wu Jian was aware of your devotion.
You visited 1 branch of the dungeon, and saw 2 of its levels.

You collected 33 gold pieces.

Inventory:

Hand Weapons
 a - a +0 hand axe (weapon)
Armour
 b - a +0 robe (worn)
 c - a +0 hat (worn)
 f - a scarf of resistance (worn)
Jewellery
 e - a +6 ring of dexterity (left hand)
Scrolls
 g - a scroll of identify {unknown}
 h - a scroll of teleportation {unknown}
Potions
 i - a potion of curing {unknown}


   Skills:
 + Level 0.1 Short Blades
 + Level 2.3 Dodging
 + Level 1.8 Stealth
 + Level 3.4 Spellcasting
 + Level 1.3 Conjurations
 + Level 1.1 Summonings
 + Level 0.8 Translocations


You had 7 spell levels left.
You knew the following spells:

 Your Spells              Type           Power      Damage    Failure   Level
a - Magic Dart            Conj           28%        1d4       10%         1

Your spell library contained the following spells:

 Spells                   Type           Power      Damage    Failure   Level
 Call Imp                 Summ           6%         N/A       16%         2
 Slow                     Hex            8%         N/A       17%         1
 Blink                    Tloc           10%        N/A       19%         2
 Conjure Flame            Conj/Fire      5%         6-21      36%         3
 Mephitic Cloud           Conj/Pois/Air  4%         N/A       38%         3


Dungeon Overview and Level Annotations

Branches:
Dungeon (2/15)

Altars:
Wu Jian


Innate Abilities, Weirdness & Mutations

You are partially covered in slimy green scales. (AC +2)
You regenerate magic rapidly.


Message History

Press: ? - help, Shift-Dir - straight line, f/p - orc
Aim: an orc, wielding a +0 hand axe (heavily wounded, 100% to hit)
The magic dart hits the orc.
The orc is severely wounded.
You feel sick. The adder closely misses you. The orc closely misses you.
Casting: Magic Dart (safe; 11% risk of failure)
Confirm with . or Enter, or press ? or * to list all spells.
Aiming: Magic Dart (safe; 11% risk of failure)
Press: ? - help, Shift-Dir - straight line, f/p - orc
Aim: an orc, wielding a +0 hand axe (severely wounded, 100% to hit)
The magic dart hits the orc.
The orc is almost dead.
You feel sick. The adder closely misses you. The orc closely misses you.
Casting: Magic Dart (safe; 11% risk of failure)
Confirm with . or Enter, or press ? or * to list all spells.
Aiming: Magic Dart (safe; 11% risk of failure)
Press: ? - help, Shift-Dir - straight line, f/p - orc
Aim: an orc, wielding a +0 hand axe (almost dead, 100% to hit)
The magic dart hits the orc.
You kill the orc!
The Council accepts your kill.
You feel sick. The adder bites you but does no damage.
The adder closely misses you.
You have reached level 3!
Your experience leads to an increase in your attributes!
Your base attributes are Str 10, Int 15, Dex 12.
Increase (S)trength, (I)ntelligence, or (D)exterity?
You feel clever. x2; Your demonic ancestry asserts itself...
Your magic begins to regenerate rapidly.
Casting: Magic Dart (safe; 10% risk of failure)
Confirm with . or Enter, or press ? or * to list all spells.
Aiming: Magic Dart (safe; 10% risk of failure)
Press: ? - help, Shift-Dir - straight line, f - orc priest
Aim: an orc priest, wielding a +0 hand axe and wearing a +0 leather armour (100% to hit)
The magic dart hits the orc priest.
The orc priest is lightly wounded.
You feel sick.
You are no longer poisoned.
The orc priest closely misses you. The adder bites you.
You die...

######### #.......# #.......#
#.......# ########## #.......#
#@o......# #.......# #S#......#
#.......# ####.##.....#
#.......####...........#
####...................# #######
#............)......###......
#............................
#####......#.......##..####......
#.......##.#.......###.## #......


You could see an orc priest and an adder.

Vanquished Creatures
  An orc (D:1)
  3 endoplasms (D:1)
  A goblin (D:1)
  2 hobgoblins (D:1)
  4 jackals (D:1)
  A quokka (D:1)
  4 ball pythons (D:1)
  2 bats (D:1)
  5 kobolds (D:1)
  2 rats (D:1)
25 creatures vanquished.

Vanquished Creatures (others)
  3 fungi (D:1)
  A plant (D:1)
4 creatures vanquished.

Grand Total: 29 creatures vanquished

Notes
Turn   | Place    | Note
-------+----------+-------------------------------------------
     0 | D:1      | Sabo the Demonspawn Hedge Wizard began the quest for the
                  | Orb.
     0 | D:1      | Reached XP level 1. HP: 13/13 MP: 4/4
   327 | D:1      | Gained mutation: You are partially covered in slimy green
                  | scales. (AC +2) [demonic ancestry]
   327 | D:1      | Reached XP level 2. HP: 19/19 MP: 0/6
  1499 | D:1      | Found a faded altar of an unknown god.
  1508 | D:1      | Prayed at the altar of an unknown god.
  1508 | D:1      | Became a worshipper of the Wu Jian Council
  1508 | D:1      | Reached * piety under Wu Jian
  1674 | D:1      | Gained mutation: You regenerate magic rapidly. [demonic
                  | ancestry]
  1674 | D:1      | Reached XP level 3. HP: 3/24 MP: 2/7
  1674 | D:1      | Slain by an adder

Illustrated notes

Levels and vault maps discovered:
D:1:      elethiomel_arrival_quiet, layout_basic,
          shapermc_ecumenical_altar_acropolis, st_stairs_2
D:2:      layout_basic, serial_shops, shop, grunt_ministairs_12,
          palyth_stone_intersect, minivault_24, minivault_23,
          minmay_small_reverse_x

Skill      XL: |  1 |
---------------+----+-----
Dodging        | 2 |  2.3
Short Blades   | |  0.1
Stealth        | |  1.8
Spellcasting   | |  3.4
Conjurations   | |  1.3
Summonings     | |  1.1
Translocations | |  0.8

Action                   || total
-------------------------++-------
Melee: Short sword       ||     1
       Hand axe          ||     3
 Cast: Magic Dart        ||    65
Armor: Robe              ||     7
Dodge: Dodged            ||    17

Table legend: (Time is in decaauts)
 A = Elapsed time spent in this place.
 B = Non-inter-level travel time spent in this place.
 C = Inter-level travel time spent in this place.
 D = Time resting spent in this place.
 E = Time spent auto-exploring this place.
 F = Levels seen in this place.
 G = Mean time per level.
                   A        B        C        D        E       F      G
               +--------+--------+--------+--------+--------+-----+--------+
         Total |   1675 |   1675 |      0 |    749 |      0 |   2 |  837.5 |
       Dungeon |   1675 |   1675 |      0 |    749 |      0 |   2 |  837.5 |
               +--------+--------+--------+--------+--------+-----+--------+

Top non-repeatable levels by time:
     D:1: 1671 daAuts
     D:2: 4 daAuts
